 Dungeon Crawl Stone Soup version 0.29.1-2-gbd0b4ee654 (webtiles) character file.

Game seed: 9383838350332505775

21 qeuew the Sneak (level 2, -1/13 HPs)
             Began as a Spriggan Enchanter on Nov 11, 2022.
             Slain by a hobgoblin (4 damage)
             ... on level 1 of the Dungeon.
             The game lasted 00:01:08 (1363 turns).

qeuew the Sneak (Spriggan Enchanter)                Turns: 1363, Time: 00:01:09

Health: -1/13      AC:  2    Str:  4    XL:     2   Next: 62%
Magic:  2/7        EV: 17    Int: 16    God:
Gold:   59         SH:  0    Dex: 15    Spells: 5/7 levels left

rFire   . . .      SeeInvis +   a - +1 dagger
rCold   . . .      Faith    .   (no shield)
rNeg    . . .      Spirit   .   b - +0 robe
rPois   .          Reflect  .   (helmet restricted)
rElec   .          Harm     .   (no cloak)
rCorr   .          Rampage  .   (gloves unavailable)
Will    .....                   (boots unavailable)
Stlth   +++.......              (no amulet)
HPRegen 0.04/turn               g - ring of flight
MPRegen 0.10/turn               (no ring)

@: flying, very quick
A: very small, no large weapons, unfitting armour, see invisible, speed 3
a: no special abilities


You were on level 1 of the Dungeon.
You visited 1 branch of the dungeon, and saw 1 of its levels.

You collected 59 gold pieces.

Inventory:

Hand Weapons
 a - a +1 dagger (weapon)
Armour
 b - a +0 robe (worn)
Jewellery
 g - a ring of flight (left hand)
Scrolls
 e - a scroll of butterflies {unknown}
Potions
 c - 2 potions of invisibility
 d - a potion of might {unknown}
 f - a potion of brilliance {unknown}


   Skills:
 + Level 1.6 Short Blades
 + Level 3.1 Dodging
 + Level 4.8 Stealth
 + Level 3.0 Spellcasting
 + Level 3.9 Hexes


You had 5 spell levels left.
You knew the following spells:

 Your Spells              Type           Power      Damage    Failure   Level
a - Ensorcelled Hibernat  Hex/Ice        16%        N/A       13%         2

Your spell library contained the following spells:

 Spells                   Type           Power      Damage    Failure   Level
 Confusing Touch          Hex            14%        N/A       11%         3
 Tukima's Dance           Hex            14%        N/A       11%         3
 Dazzling Flash           Conj/Hex       16%        N/A       26%         3


Dungeon Overview and Level Annotations

Branches:
Dungeon (1/15)

Altars:


Innate Abilities, Weirdness & Mutations

You are very small and have problems with some larger weapons.
You are too small for most types of armour.
You have supernaturally acute eyesight. (SInv)
You cover ground extremely quickly. (Speed+++)


Message History

You closely miss the hobgoblin.
You punch the hobgoblin, but do no damage.
The hobgoblin hits you. The hobgoblin misses you.
There are monsters nearby!
The hobgoblin resists with significant effort.
The hobgoblin hits you. The hobgoblin closely misses you.
You hit the hobgoblin.
The hobgoblin is moderately wounded.
The hobgoblin hits you but does no damage.
The hobgoblin closely misses you.
There are monsters nearby!
You miscast Ensorcelled Hibernation.
You are very lightly contaminated with residual magic.
Nothing appears to happen.
The hobgoblin closely misses you. The hobgoblin completely misses you.
You completely miss the hobgoblin.
The hobgoblin is moderately wounded.
The hobgoblin completely misses you. x2
There are monsters nearby!
You barely miss the hobgoblin.
The hobgoblin is moderately wounded.
The hobgoblin closely misses you. x2
You don't have enough magic to cast this spell.
There are monsters nearby!
You barely miss the hobgoblin.
The hobgoblin is moderately wounded.
The hobgoblin hits you. The hobgoblin barely misses you.
You hit the hobgoblin.
You kill the hobgoblin!
The hobgoblin barely misses you. The hobgoblin hits you.
* * * LOW HITPOINT WARNING * * *
You hit the hobgoblin.
The hobgoblin is heavily wounded.
The hobgoblin misses you.
Your magical contamination has completely faded away.
You hit the hobgoblin.
The hobgoblin is severely wounded.
The hobgoblin hits you.
You die...

..# #..#
#.............##.# ..#
#.[###.#'#'#)#'#+#....#
..# #......#†#†#.#.#
.#### ..#
#..##..######### .#
..###..##..#†#.# .#
......)....#'#'#+#+#+#.#
.#####.##..............#
.# #.##.#....#.###.## .#
#.##.##.###@# .# #.##.
#.# #g# .## #.##.
#.........# ..# .##.
#..##.##### ..#
.......>##.# (.#
#........#
..##########(#####
......... .########


You could see a hobgoblin.

Vanquished Creatures
  A bat (D:1)
  An endoplasm (D:1)
  5 hobgoblins (D:1)
  A frilled lizard (D:1)
  4 goblins (D:1)
  A kobold (D:1)
  8 rats (D:1)
21 creatures vanquished.

Notes
Turn   | Place    | Note
-------+----------+-------------------------------------------
     0 | D:1      | qeuew the Spriggan Enchanter began the quest for the Orb.
     0 | D:1      | Reached XP level 1. HP: 9/9 MP: 5/5
   667 | D:1      | Reached XP level 2. HP: 13/13 MP: 6/6
   698 | D:1      | Learned a level 2 spell: Ensorcelled Hibernation
  1030 | D:1      | Found a faded altar of an unknown god.
  1363 | D:1      | Slain by a hobgoblin

Illustrated notes

Levels and vault maps discovered:
D:1:      spicycebolla_green_bress_n_ham_2, layout_loops_ring,
          dreamdust_ecumenical_altar_hidden_monk_grotto, minmay_rat_gold_closets

Skill      XL: |  1  2 |
---------------+-------+-----
Dodging        | 3 |  3.1
Spellcasting   | 3 |  3.0
Short Blades   | |  1.6
Stealth        | |  4.8
Hexes          | |  3.9

Action                   || total
-------------------------++-------
Melee: Dagger            ||    60
       Punch             ||     1
 Cast: Ensorcelled Hiber ||     9
 Stab: Sleeping          ||     9
Armor: Robe              ||     5
Dodge: Dodged            ||    41
